 Dungeon Crawl Stone Soup version 0.28-a0-1087-gf3fc490d9d (webtiles) character file.

Game seed: 13889369666723188505

1635 fragbeetle the Geomancer (level 8, -8/48 HPs)
             Began as a Gargoyle Earth Elementalist on Dec 11, 2021.
             Mangled by an orc warlord (16 damage)
             ... in a bailey.
             The game lasted 00:24:03 (6754 turns).

fragbeetle the Geomancer (GrEE)                     Turns: 6754, Time: 00:24:04

Health: -8/48      AC: 11    Str: 12    XL:     8   Next: 98%
Magic:  8/17       EV: 16    Int: 18    God:
Gold:   334        SH:  0    Dex: 10    Spells: 13/19 levels left

rFire   . . .      SeeInvis .   e - +1 mace
rCold   . . .      Faith    .   (no shield)
rNeg    + . .      Spirit   .   b - +0 robe
rPois   ∞          Reflect  .   t - +0 helmet
rElec   +          Harm     .   (no cloak)
rCorr   .          Rampage  .   j - +2 pair of gloves
Will    .....                   (no boots)
Stlth   ++........              (no amulet)
HPRegen 0.16/turn               k - +4 ring of evasion
MPRegen 0.15/turn               (no ring)

@: about to teleport
A: sickness immunity, AC +5, negative energy resistance 1, electricity
resistance, torment resistance 1, petrification resistance
a: no special abilities


You were in a bailey.
You visited 1 branch of the dungeon, and saw 7 of its levels.
You also visited: Bailey.

You collected 334 gold pieces.

Inventory:

Hand Weapons
 e - a +1 mace (weapon)
Missiles
 c - 30 stones
 d - 5 boomerangs of dispersal
 r - 42 boomerangs
Armour
 b - a +0 robe (worn)
 j - a +2 pair of gloves (worn)
 t - a +0 helmet (worn)
Jewellery
 k - a +4 ring of evasion (left hand)
Wands
 n - a wand of charming (5)
 s - a wand of paralysis (10)
 y - a wand of flame (17)
Scrolls
 a - a scroll of identify {unknown}
 g - a scroll of teleportation
 h - a scroll of amnesia {unknown}
 i - 2 scrolls of fog
 l - a scroll of torment {unknown}
 o - a scroll of enchant weapon
 q - 2 scrolls of magic mapping
 u - 2 scrolls of blinking
 B - a scroll of brand weapon {unknown}
Potions
 f - a potion of haste
 m - a potion of berserk rage {unknown}
 p - a potion of attraction {unknown}
 v - 3 potions of cancellation {unknown}
 w - a potion of lignification {unknown}
 x - 2 potions of heal wounds {unknown}
 z - a potion of brilliance {unknown}
 A - 2 potions of magic {unknown}


   Skills:
 * Level 3.7 Fighting
 + Level 2.9 Maces & Flails
 + Level 2.1 Dodging
 - Level 2.4 Stealth
 * Level 6.0 Spellcasting
 * Level 3.7 Conjurations
 + Level 0.7 Transmutations
 * Level 8.5 Earth Magic


You had 13 spell levels left.
You knew the following spells:

 Your Spells              Type           Power      Damage    Failure   Level
a - Sandblast             Erth           72%        2d16      1%          1
b - Stone Arrow           Conj/Erth      54%        3d10      3%          3
c - Blink                 Tloc           10%        N/A       19%         2

Your spell library contained the following spells:

 Spells                   Type           Power      Damage    Failure   Level
 Passwall                 Tmut/Erth      18%        N/A       2%          2
 Corpse Rot               Necr/Air       10%        N/A       19%         2
 Ensorcelled Hibernation  Hex/Ice        10%        N/A       19%         2
 Poisonous Vapours        Pois/Air       10%        N/A       19%         2
 Petrify                  Tmut/Erth      22%        N/A       19%         4
 Spider Form              Tmut/Pois      6%         N/A       30%         3
 Swiftness                Air            5%         N/A       34%         3
 Manifold Assault         Tloc           5%         N/A       97%         5
 Storm Form               Tmut/Air       3%         N/A       100%        7


Dungeon Overview and Level Annotations

Branches:
Dungeon (7/15)             Bailey (1/1)
 Temple: D:4-7

Altars:
Dithmenos
Okawaru
Ru
Xom

Shops:
D:3 [   D:5 [*

Annotations:
D:4 Menkaure
D:7 1 runed translucent door, Dowan; pigah's ghost, novice OpWn


Innate Abilities, Weirdness & Mutations

You are immune to sickness and miasma.
Your stone body is resilient. (AC +5)
You are immune to poison.
You resist negative energy. (rN+)
You are resistant to electric shocks. (rElec)
You are resistant to unholy torment.
You are immune to petrification.


Message History

Aiming: Sandblast (safe; 1% risk of failure)
Press: ? - help, Shift-Dir - straight line, f/p - gnoll
Aim: a gnoll, wielding a +0 hand axe and wearing a +0 leather armour (almost dead, 84% to hit)
The blast of sand hits the gnoll but does no damage.
The gnoll is almost dead.
The gnoll closely misses you. The orc warlord closely misses you.
Casting: Sandblast (safe; 1% risk of failure)
Confirm with . or Enter, or press ? or * to list all spells.
Aiming: Sandblast (safe; 1% risk of failure)
Press: ? - help, Shift-Dir - straight line, f/p - gnoll
Aim: a gnoll, wielding a +0 hand axe and wearing a +0 leather armour (almost dead, 84% to hit)
The blast of sand hits the gnoll!
You kill the gnoll!
The orc warlord hits you with a +0 broad axe!
Your Spellcasting skill increases to level 6!
Casting: Sandblast (safe; 1% risk of failure)
Confirm with . or Enter, or press ? or * to list all spells.
You miscast Blink.
You are very lightly contaminated with residual magic.
Nothing appears to happen.
The orc warlord closely misses you.
There is an open door here.
Your magical contamination has completely faded away.
There is an open door here.
Things that are here:
a +0 hand axe; a +0 leather armour The orc warlord hits you with a +0 broad axe!!
* * * LOW HITPOINT WARNING * * *
The gnoll shouts!
Casting: Blink (safe; 19% risk of failure)
Confirm with . or Enter, or press ? or * to list all spells.
You blink.
As you read the scroll of teleportation, it crumbles to dust.
You feel strangely unstable.
Your surroundings seem slightly different.
You feel stable enough to blink again.
As you read the scroll of teleportation, it crumbles to dust.
You feel strangely unstable.
The orc warlord hits you with a +0 broad axe!
You die...

♣...≈≈≈.#≈.........≈
♣...≈≈≈.# ≈.8...8.≈≈
♣♣..###)###.......##
♣.##..).#≈.8...8.≈#
♣##.....#≈≈≈≈≈≈≈≈≈#
##......####≈≈≈####
#...8......#'''#...
#..§...............
#.@o.g..........)..
##..8..8........)..
##.......#######..
##.....## ##.
##...## ## ##### #


You could see an orc warlord and a gnoll.

Vanquished Creatures
  Duvessa (D:7)
  A water moccasin (D:6)
  2 orc warriors (Bailey)
  A sky beast (D:5)
  2 ice beasts
  An ogre (D:6)
  A phantom (D:5)
  A kobold brigand (D:5)
  A bullfrog (D:6)
  A water moccasin zombie (D:5)
  A scorpion (D:6)
  A water moccasin skeleton (D:4)
  A centaur zombie (D:5)
  A centaur skeleton (D:6)
  2 hounds
  2 iguanas
  A killer bee zombie (D:5)
  A hound zombie (D:5)
  8 gnolls
  A howler monkey zombie (D:6)
  9 adders
  A shadow imp (D:7)
  2 worms
  3 dart slugs
  6 orcs
  3 endoplasms
  A giant cockroach (D:1)
  11 goblins
  7 hobgoblins
  4 quokkas
  7 ball pythons
  5 bats
  8 frilled lizards
  37 kobolds
  5 rats
140 creatures vanquished.

Vanquished Creatures (others)
  29 plants (D:5)
29 creatures vanquished.

Grand Total: 169 creatures vanquished

Notes
Turn   | Place    | Note
-------+----------+-------------------------------------------
     0 | D:1      | fragbeetle the Gargoyle Earth Elementalist began the quest
                  | for the Orb.
     0 | D:1      | Reached XP level 1. HP: 10/10 MP: 3/3
    36 | D:1      | Reached skill level 4 in Earth Magic
   116 | D:1      | Reached XP level 2. HP: 14/15 MP: 0/5
   368 | D:2      | Reached XP level 3. HP: 4/19 MP: 0/6
   626 | D:2      | Reached skill level 5 in Earth Magic
   713 | D:1      | Reached XP level 4. HP: 22/24 MP: 7/7
   761 | D:1      | Learned a level 3 spell: Stone Arrow
  1603 | D:2      | Reached XP level 5. HP: 28/28 MP: 6/9
  2347 | D:3      | Found a shadowy altar of Dithmenos.
  2421 | D:3      | Reached skill level 1 in Fighting
  2502 | D:3      | Found Bapsucad's Antique Armour Shoppe.
  2592 | D:3      | Found a large runed translucent door.
  2596 | D:3      | Found a large runed translucent door.
  2605 | D:3      | Found a sacrificial altar of Ru.
  2616 | D:3      | Found a shimmering altar of Xom.
  2890 | D:4      | Reached skill level 6 in Earth Magic
  2946 | D:4      | Learned a level 2 spell: Blink
  3016 | D:4      | Reached skill level 1 in Conjurations
  3016 | D:4      | Reached XP level 6. HP: 33/34 MP: 9/11
  3227 | D:4      | Noticed Menkaure
  3347 | D:5      | Entered Level 5 of the Dungeon
  3547 | D:5      | Reached skill level 1 in Maces & Flails
  3664 | D:5      | Found Ydor's Antique Armour Boutique.
  3772 | D:5      | Noticed a sky beast
  4205 | D:5      | Reached XP level 7. HP: 32/40 MP: 3/13
  4623 | D:5      | Reached skill level 7 in Earth Magic
  4810 | D:5      | Found Xiekh's Assorted Antiques.
  5189 | D:6      | Reached XP level 8. HP: 39/45 MP: 8/14
  5568 | D:7      | Noticed Duvessa
  5568 | D:7      | Noticed Dowan
  5580 | D:6      | Reached skill level 5 in Spellcasting
  5740 | D:6      | Reached skill level 8 in Earth Magic
  5892 | D:7      | Found a runed translucent door.
  5896 | D:7      | Noticed pigah's ghost (novice OpWn)
  5920 | D:7      | Killed Duvessa
  5988 | D:7      | Found an iron altar of Okawaru.
  5998 | D:7      | Found a flagged portal.
  6022 | Bailey   | Entered a bailey
  6031 | Bailey   | Noticed an orc warlord
  6371 | Bailey   | Found a runed translucent gate.
  6410 | Bailey   | Found a runed translucent gate.
  6411 | Bailey   | Found a runed translucent gate.
  6754 | Bailey   | Mangled by an orc warlord

Illustrated notes

Levels and vault maps discovered:
D:1:      amcnicky_arrival_flooded_fountain, layout_rooms
D:2:      layout_basic
D:3:      layout_loops_cross, jmf_multi_god_temple2,
          nicolae_dithmenos_shadow_blocks, serial_shops, shop
D:4:      layout_rooms, mainiacjoe_overflow_alcove_4, uniq_menkaure, uniq_robin
D:5:      kennysheep_kobold_camp, layout_basic, serial_shops, shop_statue,
          nicolae_stop_n_shop_1
D:6:      layout_loops_ring, kennysheep_generic_room_13, uniq_maggie
D:7:      layout_basic, mainiacjoe_overflow_catwalk, nicolae_vehumet_radiance,
          minmay_temple_entry_junction, gammafunk_ghost_grave, enter_bailey_4,
          ebering_dispersal_statue_hall, minmay_misc_feat_square,
          kennysheep_windowed_goal, uniq_duvessa
Bailey:   bailey_axe_bossmonster_kennysheep, bailey

Skill      XL: |  1  2  3  4  5  6  7  8 |
---------------+-------------------------+-----
Earth Magic    | 4 5 6 7 8 |  8.5
Fighting       | 1 2 3 |  3.7
Spellcasting   | 3 4 6 |  6.0
Conjurations   | 1 2 3 |  3.7
Maces & Flails | 1 2 |  2.9
Dodging        | 2 |  2.1
Stealth        | |  2.4
Transmutations | |  0.7

Action                   |  1- 3 |  4- 6 |  7- 9 || total
-------------------------+-------+-------+-------++-------
Melee: Unarmed           |    16 |       |       ||    16
       Mace              |     4 |   138 |    77 ||   219
 Cast: Sandblast         |    20 |    34 |    35 ||    89
       Stone Arrow       |       |    32 |    49 ||    81
       Blink             |       |       |     2 ||     2
Evoke: Wand              |       |       |     1 ||     1
  Use: Scroll            |       |     2 |     5 ||     7
 Stab: Sleeping          |       |     2 |       ||     2
Armor: Robe              |     8 |    54 |    42 ||   104
Dodge: Dodged            |    26 |   134 |   113 ||   273

Table legend: (Time is in decaauts)
 A = Elapsed time spent in this place.
 B = Non-inter-level travel time spent in this place.
 C = Inter-level travel time spent in this place.
 D = Time resting spent in this place.
 E = Time spent auto-exploring this place.
 F = Levels seen in this place.
 G = Mean time per level.
                   A        B        C        D        E       F      G
               +--------+--------+--------+--------+--------+-----+--------+
         Total |   6836 |   6730 |    106 |   2006 |   2834 |   8 |  854.5 |
       Dungeon |   6096 |   5990 |    106 |   1622 |   2834 |   7 |  870.9 |
        Bailey |    740 |    740 |      0 |    384 |      0 |   1 |  740.0 |
               +--------+--------+--------+--------+--------+-----+--------+

Top non-repeatable levels by time:
     D:5: 1813 daAuts
     D:2: 1398 daAuts
     D:3: 926 daAuts
  Bailey: 740 daAuts
     D:6: 735 daAuts
     D:1: 710 daAuts
     D:4: 346 daAuts
     D:7: 164 daAuts
